 Dungeon Crawl Stone Soup version 0.31-a0-675-g238779eb0a (webtiles) character file.

Game seed: 17280201891002871423

57951 qw the Marksgargoyle (level 14, -12/98 HPs)
             Began as a Gargoyle Hunter on Sept 5, 2023.
             Was a High Priest of Okawaru.
             Mangled by an enormous slime creature (62 damage)
             ... on level 13 of the Dungeon.
             The game lasted 00:09:45 (17820 turns).

qw the Marksgargoyle (Gargoyle Hunter)             Turns: 17820, Time: 00:09:46

Health: -12/98     AC: 29    Str: 17    XL:     14   Next: 88%
Magic:  19/21      EV: 26    Int: 12    God:    Okawaru [*****.]
Gold:   829        SH:  5    Dex: 25    Spells: 13/13 levels left

rFire   . . .        b - +3 longbow (flame)
rCold   . . .        (shield currently unavailable)
rNeg    + . .        p - +3 robe "Mynute" {Dex+4}
rPois   inf          e - +1 helmet
rElec   +            s - +0 cloak of Charity {rPois Str+3 Dex+4}
rCorr   .            w - +2 pair of gloves
SInv    +            g - +0 pair of boots
Will    +....        u - amulet of reflection
Stlth   ++++         m - +4 ring of protection
HPRegen 0.36/turn    k - ring of see invisible
MPRegen 0.17/turn

%: reflection
@: about to teleport, heroic, flying
A: sickness immunity, AC +10, big wings, negative energy resistance 1,
electricity resistance, torment resistance 1, petrification resistance, wild
magic 1
a: Renounce Religion, Heroism, Finesse, Duel


You were on level 13 of the Dungeon.
You worshipped Okawaru.
Okawaru was extremely pleased with you.
You visited 3 branches of the dungeon, and saw 19 of its levels.
You also visited: Gauntlet.

You collected 1189 gold pieces.
You spent 360 gold pieces at shops.


Innate Abilities, Weirdness & Mutations

You are immune to sickness and miasma.
Your stone body is resilient. (AC +10)
You are immune to poison.
Your large and strong wings let you fly.
You resist negative energy. (rN+)
You are resistant to electric shocks. (rElec)
You are resistant to unholy torment.
You are immune to petrification.
Your spells are a little harder to cast, but a little more powerful.


   Skills:
 - Level 15.0(20.0) Fighting
 + Level 16.1(21.1) Ranged Weapons
 - Level 6.0(11.0) Armour
 - Level 9.9(14.9) Dodging
 - Level 1.1(6.1) Stealth
 - Level 10.0 Invocations


You had 13 spell levels left.
You didn't know any spells.
Your spell library was empty.

Inventory:

Hand Weapons
 b - a +3 longbow of flaming (weapon)
Armour
 e - a +1 helmet (worn)
 g - a +0 pair of boots (worn)
 p - the +3 robe "Mynute" (worn) {Dex+4}
   (Okawaru gifted it to you on level 5 of the Lair of Beasts)

   Dex+4:     It affects your dexterity (+4).
 s - the +0 cloak of Charity (worn) {rPois Str+3 Dex+4}
   (You found it in a Gauntlet)

   Str+3:     It affects your strength (+3).
   Dex+4:     It affects your dexterity (+4).
   rPois:     It protects you from poison
 t - the +0 robe "Damnable Contraption" {rF+ rC+ Dex+2}
   (You found it on level 3 of the Lair of Beasts)

   Dex+2:     It affects your dexterity (+2).
   rF+:       It protects you from fire.
   rC+:       It protects you from cold.
 w - a +2 pair of gloves (worn)
Jewellery
 a - a ring of protection from fire
 c - a +4 ring of protection
 k - a ring of see invisible (right hand)
 m - a +4 ring of protection (left hand)
 n - a ring of protection from fire
 u - an amulet of reflection (around neck)
Wands
 v - a wand of digging (6)
Scrolls
 h - 10 scrolls of identify
 o - 5 scrolls of teleportation
Potions
 d - 7 potions of curing
 f - 3 potions of haste
 i - 5 potions of mutation
 j - a potion of enlightenment
 l - 3 potions of cancellation
 q - a potion of might
 r - 3 potions of heal wounds
 x - a potion of magic

Dungeon Overview and Level Annotations

Branches:
Dungeon (13/15)            Temple (1/1) D:5            Lair (5/5) D:10
 Shoals (0/4) Lair:2       Spider (0/4) Lair:3        Slime (0/5) Lair:4
    Orc (0/2) D:9         Gauntlet (visited)
 Vaults: D:13-14

Altars:
Ashenzari
Cheibriados
Dithmenos
Elyvilon
Fedhas
Gozag
Hepliaklqana
Kikubaaqudgha
Makhleb
Nemelex Xobeh
Okawaru
Qazlal
Ru
Sif Muna
Trog
Uskayaw
Vehumet
Wu Jian
Xom
Yredelemnul
Zin
The Shining One

Shops:
D:2 (   D:9 =

Annotations:
D:4 2 transporters


Message History

The arrow burns the slime creature.
You kill the slime creature!
Okawaru accepts your kill.
You shoot an arrow.
The arrow hits the large slime creature.
The arrow burns the large slime creature.
The large slime creature is lightly wounded.
You shoot an arrow.
The arrow hits the large slime creature!
The arrow burns the large slime creature.
The large slime creature is lightly wounded.
You shoot an arrow.
The arrow hits the large slime creature!!
The arrow burns the large slime creature!
The large slime creature is heavily wounded.
The large slime creature completely misses you.
You shoot an arrow.
The arrow hits the large slime creature!
The arrow burns the large slime creature.
The large slime creature is severely wounded.
Two slime creatures merge to form an enormous slime creature.
17817 ||| READING 6 scrolls of teleportation.
As you read the scroll of teleportation, it crumbles to dust.
You feel strangely unstable.
The enormous slime creature closely misses you.
17818 ||| INVOKING Heroism.
You gain the combat prowess of a mighty hero.
The enormous slime creature hits you!!!
Ouch! That really hurt!
You shoot an arrow.
The arrow hits the enormous slime creature!
The arrow burns the enormous slime creature.
The enormous slime creature is moderately wounded.
You shoot an arrow.
The arrow hits the enormous slime creature!
The arrow burns the enormous slime creature!
The enormous slime creature is heavily wounded.
The enormous slime creature hits you!!!
Ouch! That really hurt!
You die...

####+ ....... #....
.#.(... .... .......
#..##....... #..#....#
#..#....#
#....##..'....#
#....##..#J##.#
#....##>.#@##.#
+....##..#....#
#....#####....######
#....###.##'#......#
#.....#.....#...##.#
#....<#.....#......#..#
###.)########......#..#
+..#....# ####'###..#
#..#....# #.......#


You could see an enormous slime creature.

Vanquished Creatures
  Nessos (D:13)
  A minotaur (Gauntlet)
  Fannar (Lair:2)
  3 hydras
  A catoblepas (Lair:5)
  2 boulder beetles
  A centaur warrior (D:9)
  5 death yaks (D:10)
  3 two-headed ogres
  A soul eater (Gauntlet)
  A fire crab (Lair:4)
  3 skysharks
  2 cyclopes
  2 manticores (D:12)
  An oklob plant (D:7)
  An ugly thing (D:12)
  9 elephants
  3 black mambas (Lair:1)
  2 gargoyles
  Maggie (D:6)
  A torpor snail (Lair:2)
  12 cane toads
  3 rime drakes
  2 efreet
  7 komodo dragons
  2 ice devils (D:11)
  4 trolls
  8 hornets
  6 polar bears
  A raiju (Gauntlet)
  12 dream sheep
  2 slime creatures (D:13)
  13 spriggans (Lair:5)
  2 shadows
  4 wyverns
  8 flying skulls (Gauntlet)
  65 yaks
  5 basilisks
  7 steam dragons
  3 vampire mosquitoes
  Menkaure (D:6)
  2 acid dragons
  10 water moccasins
  3 orc warriors
  3 ice beasts
  6 black bears
  2 ogres
  4 boggarts (Lair:5)
  10 centaurs
  22 wolves
  A kobold brigand (D:10)
  A gnoll sergeant (D:8)
  17 bullfrogs
  A scorpion (D:5)
  4 wights (D:9)
  6 killer bees
  2 electric eels (Lair:5)
  4 crimson imps (D:6)
  5 howler monkeys
  A jelly (D:6)
  3 orc priests
  2 sleepcaps
  2 iguanas (D:5)
  5 hell rats (Lair:4)
  8 orc wizards
  Robin (D:4)
  7 gnolls
  8 adders
  5 shadow imps
  A white imp (D:6)
  2 ufetubi
  3 worms
  3 dart slugs
  41 orcs
  7 bats
  3 endoplasms
  4 giant cockroaches
  16 goblins
  11 hobgoblins
  15 kobolds
  A quokka (D:4)
  10 ball pythons
  A frilled lizard (D:1)
  4 rats
479 creatures vanquished.

Vanquished Creatures (others)
  An orc (D:9)
  2 kobolds (D:6)
3 creatures vanquished.

Grand Total: 482 creatures vanquished

Notes
Turn   | Place    | Note
-------+----------+-------------------------------------------
     0 | D:1      | qw the Gargoyle Hunter began the quest for the Orb.
     0 | D:1      | Reached XP level 1. HP: 12/12 MP: 1/1
     0 | D:1      | 0 ||| qw: Version: 0.3-a-75-g829b12e
     0 | D:1      | 0 ||| qw: Game counter: 105
     0 | D:1      | 0 ||| qw: Melee chars always use a shield: true
     0 | D:1      | 0 ||| qw: God list: Okawaru
     0 | D:1      | 0 ||| qw: Allow faded altars: false
     0 | D:1      | 0 ||| qw: Do Orc after clearing Dungeon:15 true
     0 | D:1      | 0 ||| qw: Do second Lair branch before Depths: true
     0 | D:1      | 0 ||| qw: Lair rune preference: random
     0 | D:1      | 0 ||| qw: Goals: Normal
     0 | D:1      | 0 ||| PLANNING D:1-11
   231 | D:1      | Reached XP level 2. HP: 17/17 MP: 2/2
   825 | D:1      | 825 ||| UPGRADING to +0 ring mail.
   835 | D:1      | 835 ||| DROPPING +0 leather armour.
   836 | D:1      | 836 ||| READING scroll labelled XEFFIS QUAMO.
   837 | D:1      | 837 ||| READING scroll labelled SOUSHR GATIEJ.
   838 | D:1      | 838 ||| READING scroll labelled YVVANOSIKHI.
   839 | D:1      | 839 ||| DROPPING scroll of butterflies.
   900 | D:2      | Reached XP level 3. HP: 21/21 MP: 3/3
   911 | D:2      | Reached skill level 1 in Armour
   998 | D:2      | Reached skill level 5 in Ranged Weapons
  1070 | D:2      | 1070 ||| Stepping ~*~*~tactically~*~*~ (retreating).
  1071 | D:2      | 1071 ||| Stepping ~*~*~tactically~*~*~ (retreating).
  1072 | D:2      | 1072 ||| Stepping ~*~*~tactically~*~*~ (retreating).
  1073 | D:2      | 1073 ||| Stepping ~*~*~tactically~*~*~ (retreating).
  1077 | D:2      | Reached XP level 4. HP: 25/27 MP: 4/4
  1079 | D:2      | Reached skill level 3 in Fighting
  1116 | D:2      | Found Gouvyich's Antique Weapon Shoppe.
  1126 | D:2      | 1126 ||| SHOPLISTING triple crossbow (210 gold, have 95).
  1152 | D:2      | Identified the +5 war axe of the Trees {antimagic, rF+
                  | Will- Stlth+}
  1487 | D:2      | 1487 ||| READING scroll labelled WAAQEO YNIKIT.
  1488 | D:2      | 1488 ||| READING 2 scrolls labelled CIVISTUMOX.
  1507 | D:2      | 1507 ||| READING scroll labelled IREJAV JIA.
  1508 | D:2      | 1508 ||| DRINKING 2 murky emerald potions.
  1508 | D:2      | Gained mutation: Your spells are a little harder to cast,
                  | but a little more powerful. [potion of mutation]
  1509 | D:2      | 1509 ||| READING 3 scrolls of identify.
  1509 | D:2      | 1509 ||| IDENTIFYING fizzy red potion
  1510 | D:2      | 1510 ||| READING 2 scrolls of identify.
  1510 | D:2      | 1510 ||| IDENTIFYING lumpy black potion
  1511 | D:2      | 1511 ||| DROPPING potion of ambrosia.
  1512 | D:2      | 1512 ||| DROPPING scroll of torment.
  1543 | D:3      | 1543 ||| STAIRDANCE
  1561 | D:3      | 1561 ||| STAIRDANCE
  1609 | D:3      | Reached XP level 5. HP: 32/32 MP: 5/5
  1662 | D:3      | 1662 ||| READING scroll of enchant weapon.
  1662 | D:3      | 1662 ||| ENCHANTING +1 shortbow of freezing.
  2040 | D:3      | Found a faded altar of an unknown god.
  2192 | D:3      | 2192 ||| UPGRADING to ring of protection from fire.
  2193 | D:3      | 2193 ||| READING scroll labelled OSUEMEZEFUL.
  2235 | D:4      | Reached skill level 6 in Ranged Weapons
  2429 | D:4      | Found a transporter.
  2458 | D:4      | Noticed Robin
  2472 | D:4      | HP: 8/32 [Robin/+1 whip of freezing (4)]
  2473 | D:4      | Killed Robin
  2475 | D:4      | HP: 3/33 [kobold/+0 dagger (3)]
  2477 | D:4      | Reached XP level 6. HP: 4/38 MP: 6/6
  2483 | D:4      | HP: 5/38 [kobold/+0 short sword of protection (1)]
  2484 | D:4      | HP: 1/38 [kobold/+0 short sword of protection (4)]
  2648 | D:4      | Identified the +1 leather armour of the Skies Above {Str+3}
  2791 | D:4      | Found a snail-covered altar of Cheibriados.
  2839 | D:4      | Found a transporter.
  2892 | D:4      | 2892 ||| UPGRADING to +0 helmet.
  2897 | D:4      | 2897 ||| UPGRADING to +1 leather armour of the Skies Above
                  | {Str+3}.
  2907 | D:4      | 2907 ||| DROPPING +0 ring mail.
  2908 | D:4      | 2908 ||| READING scroll labelled NYTTOU JENTEUD.
  2911 | D:4      | 2911 ||| DRINKING 2 fizzy white potions.
  2912 | D:4      | 2912 ||| READING 3 scrolls of identify.
  2912 | D:4      | 2912 ||| IDENTIFYING brown potion
  2913 | D:4      | 2913 ||| DROPPING potion of lignification.
  2927 | D:5      | Entered Level 5 of the Dungeon
  2944 | D:5      | Noticed an ice beast
  2952 | D:5      | Killed an ice beast
  3035 | D:5      | Reached skill level 7 in Ranged Weapons
  3039 | D:5      | Reached XP level 7. HP: 43/43 MP: 7/7
  3041 | D:5      | You fall into a shaft and drop 2 floors!
  3092 | D:7      | 3092 ||| RETREATING.
  3094 | D:7      | 3094 ||| Stepping ~*~*~tactically~*~*~ (retreating).
  3100 | D:7      | HP: 10/43 [killer bee (8)]
  3101 | D:7      | 3101 ||| DRINKING potion of heal wounds.
  3113 | D:7      | Reached skill level 8 in Ranged Weapons
  3353 | D:7      | 3353 ||| READING scroll of brand weapon.
  3353 | D:7      | 3353 ||| BRANDING +2 shortbow of freezing.
  3395 | D:7      | 3395 ||| READING scroll labelled KEARCH TETHEE.
  3496 | D:7      | 3496 ||| READING scroll labelled FOASHR HOERUTREIQU.
  3497 | D:7      | 3497 ||| READING 3 scrolls of identify.
  3497 | D:7      | 3497 ||| IDENTIFYING murky cyan potion
  3692 | D:6      | 3692 ||| FLEEEEING.
  3790 | D:5      | 3790 ||| READING scroll of brand weapon.
  3790 | D:5      | 3790 ||| BRANDING +2 shortbow of flaming.
  3874 | D:5      | Identified the +6 war axe of Iwown {antimagic, rElec rC+++
                  | rN+}
  3929 | D:5      | Found a staircase to the Ecumenical Temple.
  3930 | D:5      | 3930 ||| PLANNING TEMPLE
  3930 | D:5      | 3930 ||| READING 3 scrolls of identify.
  3930 | D:5      | 3930 ||| IDENTIFYING smoky silvery potion
  3931 | D:5      | 3931 ||| DROPPING potion of degeneration.
  3940 | Temple   | Entered the Ecumenical Temple
  3941 | Temple   | 3941 ||| PLANNING OKAWARU WORSHIP
  3948 | Temple   | Became a worshipper of Warmaster Okawaru
  3949 | Temple   | 3949 ||| PLANNING D:1-11
  4001 | D:5      | Found an ornate altar of the Wu Jian Council.
  4142 | D:5      | Noticed a steam dragon
  4150 | D:5      | Killed a steam dragon
  4151 | D:5      | Reached XP level 8. HP: 37/49 MP: 8/8
  4290 | D:5      | Reached skill level 9 in Ranged Weapons
  4419 | D:5      | 4419 ||| FLEEEEING.
  4465 | D:5      | Found a shimmering blue altar of Sif Muna.
  4544 | D:5      | Found a sparkling altar of Nemelex Xobeh.
  4678 | D:5      | 4678 ||| UPGRADING to +0 steam dragon scales.
  4688 | D:5      | 4688 ||| UPGRADING to +0 cloak.
  4693 | D:5      | 4693 ||| DROPPING +1 leather armour of the Skies Above
                  | {Str+3}.
  4737 | D:6      | Reached skill level 6 in Fighting
  4853 | D:6      | 4853 ||| READING scroll of enchant weapon.
  4853 | D:6      | 4853 ||| ENCHANTING +2 heavy shortbow.
  5049 | D:6      | Found a shimmering altar of Xom.
  5051 | D:6      | Noticed Menkaure
  5053 | D:6      | Killed Menkaure
  5053 | D:6      | Reached * piety under Okawaru
  5089 | D:6      | 5089 ||| INVOKING Heroism.
  5090 | D:6      | 5090 ||| INVOKING Heroism.
  5091 | D:6      | 5091 ||| INVOKING Heroism.
  5139 | D:6      | 5139 ||| INVOKING Heroism.
  5140 | D:6      | 5140 ||| INVOKING Heroism.
  5145 | D:6      | Reached skill level 10 in Ranged Weapons
  5145 | D:6      | Reached XP level 9. HP: 55/55 MP: 6/9
  5222 | D:6      | Noticed Maggie
  5227 | D:6      | 5227 ||| INVOKING Heroism.
  5232 | D:6      | Killed Maggie
  5233 | D:6      | Reached skill level 3 in Dodging
  5425 | D:6      | Reached skill level 3 in Armour
  5460 | D:6      | Reached skill level 3 in Invocations
  5639 | D:6      | 5639 ||| UPGRADING to +0 acid dragon scales.
  5649 | D:6      | 5649 ||| UPGRADING to amulet of the acrobat.
  5654 | D:6      | 5654 ||| UPGRADING to ring of see invisible.
  5655 | D:6      | 5655 ||| READING 2 scrolls labelled NIYFUYMEDD.
  5656 | D:6      | 5656 ||| READING 6 scrolls of identify.
  5656 | D:6      | 5656 ||| IDENTIFYING puce potion
  5657 | D:6      | 5657 ||| DROPPING scroll of amnesia.
  5875 | D:7      | Reached ** piety under Okawaru
  6025 | D:7      | 6025 ||| INVOKING Heroism.
  6061 | D:7      | 6061 ||| INVOKING Heroism.
  6104 | D:7      | Found a blossoming altar of Fedhas.
  6126 | D:7      | Noticed an oklob plant
  6127 | D:7      | 6127 ||| INVOKING Heroism.
  6136 | D:7      | Killed an oklob plant
  6137 | D:7      | Reached skill level 11 in Ranged Weapons
  6393 | D:7      | 6393 ||| READING 6 scrolls of identify.
  6393 | D:7      | 6393 ||| IDENTIFYING yellow potion
  6394 | D:7      | 6394 ||| DROPPING potion of attraction.
  6415 | D:8      | Noticed a troll
  6416 | D:8      | 6416 ||| INVOKING Heroism.
  6421 | D:8      | Killed a troll
  6422 | D:8      | Reached XP level 10. HP: 60/64 MP: 10/13
  6578 | D:8      | 6578 ||| Stepping ~*~*~tactically~*~*~ (outnumbered).
  6579 | D:8      | 6579 ||| INVOKING Heroism.
  6706 | D:8      | 6706 ||| INVOKING Heroism.
  6815 | D:8      | 6815 ||| Stepping ~*~*~tactically~*~*~ (outnumbered).
  6818 | D:8      | 6818 ||| Stepping ~*~*~tactically~*~*~ (outnumbered).
  6823 | D:8      | 6823 ||| INVOKING Heroism.
  7094 | D:8      | 7094 ||| INVOKING Heroism.
  7227 | D:8      | Reached skill level 12 in Ranged Weapons
  7228 | D:8      | 7228 ||| INVOKING Heroism.
  7417 | D:8      | 7417 ||| INVOKING Heroism.
  7439 | D:8      | 7439 ||| DROPPING +0 steam dragon scales.
  7440 | D:8      | 7440 ||| UPGRADING to +0 troll leather armour.
  7450 | D:8      | 7450 ||| DROPPING +0 acid dragon scales.
  7451 | D:8      | 7451 ||| READING 2 scrolls labelled MAKHLA OSIH.
  7452 | D:8      | 7452 ||| DROPPING scroll of revelation.
  7523 | D:9      | Found a sacrificial altar of Ru.
  7590 | D:9      | 7590 ||| INVOKING Heroism.
  7627 | D:9      | Found a staircase to the Orcish Mines.
  7818 | D:9      | 7818 ||| Stepping ~*~*~tactically~*~*~ (retreating).
  7819 | D:9      | 7819 ||| Stepping ~*~*~tactically~*~*~ (retreating).
  7830 | D:9      | 7830 ||| INVOKING Heroism.
  7834 | D:9      | Noticed a centaur warrior
  7845 | D:9      | 7845 ||| INVOKING Heroism.
  7847 | D:9      | HP: 15/64 [centaur warrior (3)]
  7848 | D:9      | 7848 ||| READING 3 scrolls of teleportation.
  7849 | D:9      | HP: 6/64 [centaur warrior (4)]
  7852 | D:9      | Killed a centaur warrior
  7913 | D:9      | Reached skill level 13 in Ranged Weapons
  7946 | D:9      | Noticed a two-headed ogre
  7947 | D:9      | 7947 ||| RETREATING.
  7948 | D:9      | 7948 ||| INVOKING Heroism.
  7952 | D:9      | Killed a two-headed ogre
  7953 | D:9      | Reached skill level 9 in Fighting
  7953 | D:9      | Reached XP level 11. HP: 71/71 MP: 11/14
  7955 | D:9      | Reached *** piety under Okawaru
  7989 | D:9      | 7989 ||| INVOKING Heroism.
  8051 | D:9      | 8051 ||| READING scroll of enchant weapon.
  8051 | D:9      | 8051 ||| ENCHANTING +3 heavy shortbow.
  8100 | D:9      | Found Damo's Jewellery Shop.
  8109 | D:9      | 8109 ||| BUYING +4 ring of protection (360 gold).
  8109 | D:9      | Bought a +4 ring of protection for 360 gold pieces
  8109 | D:9      | 8109 ||| SHOPLISTING amulet of reflection (300 gold, have
                  | 180).
  8109 | D:9      | 8109 ||| SHOPLISTING ring of resist corrosion (200 gold,
                  | have 180).
  8122 | D:9      | 8122 ||| RETREATING.
  8126 | D:9      | 8126 ||| RETREATING.
  8134 | D:9      | 8134 ||| Stepping ~*~*~tactically~*~*~ (retreating).
  8173 | D:9      | Found a basalt altar of Yredelemnul.
  8341 | D:9      | 8341 ||| SWAPPING to +1 orcbow of draining.
  8342 | D:9      | 8342 ||| DROPPING +4 heavy shortbow.
  8509 | D:9      | 8509 ||| UPGRADING to +4 ring of protection.
  8511 | D:9      | 8511 ||| READING scroll labelled ZITAACW SIAR.
  8535 | D:10     | Entered Level 10 of the Dungeon
  8552 | D:10     | 8552 ||| Stepping ~*~*~tactically~*~*~ (outnumbered).
  8626 | D:10     | Reached skill level 14 in Ranged Weapons
  8634 | D:10     | Reached **** piety under Okawaru
  8664 | D:10     | Noticed a two-headed ogre
  8665 | D:10     | 8665 ||| INVOKING Heroism.
  8672 | D:10     | Killed a two-headed ogre
  8733 | D:10     | 8733 ||| INVOKING Heroism.
  8738 | D:10     | Identified the +8 falchion "Kolemuuk" {venom, Dex+7}
  8831 | D:10     | Noticed a death yak
  8832 | D:10     | Noticed a death yak
  8832 | D:10     | 8832 ||| RETREATING.
  8833 | D:10     | 8833 ||| INVOKING Heroism.
  8846 | D:10     | Noticed a death yak
  8848 | D:10     | Noticed a death yak
  8855 | D:10     | Killed a death yak
  8859 | D:10     | Noticed a death yak
  8859 | D:10     | 8859 ||| INVOKING Heroism.
  8874 | D:10     | Killed a death yak
  8878 | D:10     | Killed a death yak
  8886 | D:10     | Killed a death yak
  8894 | D:10     | Killed a death yak
  8895 | D:10     | Reached skill level 6 in Invocations
  8931 | D:10     | Found a staircase to the Lair.
  8974 | D:10     | 8974 ||| INVOKING Heroism.
  8982 | D:10     | Reached XP level 12. HP: 77/77 MP: 13/16
  9067 | D:10     | Found an ancient bone altar of Kikubaaqudgha.
  9333 | D:10     | 9333 ||| PLANNING LAIR
  9333 | D:10     | 9333 ||| READING 8 scrolls of identify.
  9333 | D:10     | 9333 ||| IDENTIFYING bubbling green potion
  9351 | Lair:1   | Entered Level 1 of the Lair of Beasts
  9353 | Lair:1   | 9353 ||| STAIRDANCE
  9365 | Lair:1   | 9365 ||| STAIRDANCE
  9440 | Lair:1   | Noticed a boulder beetle
  9442 | Lair:1   | 9442 ||| INVOKING Heroism.
  9472 | Lair:1   | Killed a boulder beetle
  9473 | Lair:1   | Reached skill level 15 in Ranged Weapons
  9594 | Lair:1   | 9594 ||| INVOKING Heroism.
  9631 | Lair:1   | Reached ***** piety under Okawaru
  9831 | Lair:1   | 9831 ||| RETREATING.
 10349 | Lair:2   | Received a gift from Okawaru
 10371 | Lair:2   | Noticed a skyshark
 10394 | Lair:2   | Killed a skyshark
 10395 | Lair:2   | Reached skill level 9 in Invocations
 10395 | Lair:2   | 10395 ||| FLEEEEING.
 10413 | Lair:2   | Noticed a six-headed hydra
 10414 | Lair:2   | 10414 ||| INVOKING Heroism.
 10420 | Lair:2   | Killed a six-headed hydra
 10444 | Lair:2   | Noticed Fannar
 10462 | Lair:2   | Killed Fannar
 10589 | Lair:2   | 10589 ||| INVOKING Heroism.
 10618 | Lair:2   | Noticed a six-headed hydra
 10619 | Lair:2   | 10619 ||| INVOKING Heroism.
 10633 | Lair:2   | Killed a six-headed hydra
 10735 | Lair:2   | 10735 ||| FLEEEEING.
 10736 | Lair:2   | 10736 ||| FLEEEEING.
 10738 | Lair:2   | 10738 ||| FLEEEEING.
 10739 | Lair:2   | 10739 ||| FLEEEEING.
 10740 | Lair:2   | 10740 ||| FLEEEEING.
 10741 | Lair:2   | 10741 ||| FLEEEEING.
 10743 | Lair:2   | 10743 ||| INVOKING Heroism.
 10792 | Lair:2   | Found a staircase to the Shoals.
 10834 | Lair:2   | 10834 ||| RETREATING.
 10838 | Lair:2   | 10838 ||| RETREATING.
 10840 | Lair:2   | 10840 ||| Stepping ~*~*~tactically~*~*~ (retreating).
 10864 | Lair:2   | Reached skill level 16 in Ranged Weapons
 10920 | Lair:2   | 10920 ||| Stepping ~*~*~tactically~*~*~ (retreating).
 10921 | Lair:2   | 10921 ||| Stepping ~*~*~tactically~*~*~ (retreating).
 10922 | Lair:2   | 10922 ||| Stepping ~*~*~tactically~*~*~ (retreating).
 10923 | Lair:2   | 10923 ||| Stepping ~*~*~tactically~*~*~ (retreating).
 10924 | Lair:2   | 10924 ||| Stepping ~*~*~tactically~*~*~ (retreating).
 10925 | Lair:2   | 10925 ||| Stepping ~*~*~tactically~*~*~ (retreating).
 10926 | Lair:2   | 10926 ||| Stepping ~*~*~tactically~*~*~ (retreating).
 10930 | Lair:2   | Reached XP level 13. HP: 81/82 MP: 20/20
 10939 | Lair:2   | 10939 ||| Stepping ~*~*~tactically~*~*~ (retreating).
 10946 | Lair:2   | 10946 ||| Stepping ~*~*~tactically~*~*~ (retreating).
 10947 | Lair:2   | 10947 ||| Stepping ~*~*~tactically~*~*~ (retreating).
 11194 | Lair:2   | 11194 ||| RETREATING.
 11195 | Lair:2   | 11195 ||| Stepping ~*~*~tactically~*~*~ (retreating).
 11196 | Lair:2   | 11196 ||| Stepping ~*~*~tactically~*~*~ (retreating).
 11312 | Lair:2   | 11312 ||| UPGRADING to +0 pair of gloves of hurling.
 11317 | Lair:2   | 11317 ||| READING scroll labelled IDWEFIADOAM.
 11318 | Lair:2   | 11318 ||| READING scroll labelled KEFYMI ECOKKIU.
 11319 | Lair:2   | 11319 ||| READING 8 scrolls of identify.
 11319 | Lair:2   | 11319 ||| IDENTIFYING viscous coppery potion
 11320 | Lair:2   | 11320 ||| DROPPING potion of invisibility.
 11402 | Lair:3   | 11402 ||| Stepping ~*~*~tactically~*~*~ (retreating).
 11403 | Lair:3   | 11403 ||| Stepping ~*~*~tactically~*~*~ (retreating).
 11404 | Lair:3   | 11404 ||| Stepping ~*~*~tactically~*~*~ (retreating).
 11410 | Lair:3   | 11410 ||| Stepping ~*~*~tactically~*~*~ (retreating).
 11411 | Lair:3   | 11411 ||| Stepping ~*~*~tactically~*~*~ (retreating).
 11412 | Lair:3   | 11412 ||| Stepping ~*~*~tactically~*~*~ (retreating).
 11417 | Lair:3   | 11417 ||| Stepping ~*~*~tactically~*~*~ (retreating).
 11418 | Lair:3   | 11418 ||| Stepping ~*~*~tactically~*~*~ (retreating).
 11427 | Lair:3   | Reached skill level 6 in Dodging
 11455 | Lair:3   | 11455 ||| READING scroll of enchant armour.
 11455 | Lair:3   | 11455 ||| ENCHANTING +0 pair of gloves of hurling.
 11488 | Lair:3   | Found a hole to the Spider Nest.
 11514 | Lair:3   | 11514 ||| RETREATING.
 11573 | Lair:3   | 11573 ||| Stepping ~*~*~tactically~*~*~ (retreating).
 11575 | Lair:3   | 11575 ||| Stepping ~*~*~tactically~*~*~ (retreating).
 11576 | Lair:3   | 11576 ||| Stepping ~*~*~tactically~*~*~ (retreating).
 11580 | Lair:3   | 11580 ||| Stepping ~*~*~tactically~*~*~ (retreating).
 11581 | Lair:3   | 11581 ||| Stepping ~*~*~tactically~*~*~ (retreating).
 11582 | Lair:3   | 11582 ||| Stepping ~*~*~tactically~*~*~ (retreating).
 11590 | Lair:3   | 11590 ||| INVOKING Heroism.
 11644 | Lair:3   | Identified the +0 robe "Damnable Contraption" {rF+ rC+
                  | Dex+2}
 11665 | Lair:3   | 11665 ||| READING 2 scrolls of enchant weapon.
 11665 | Lair:3   | 11665 ||| ENCHANTING +1 orcbow of draining.
 11666 | Lair:3   | 11666 ||| READING scroll of enchant weapon.
 11666 | Lair:3   | 11666 ||| ENCHANTING +2 orcbow of draining.
 11726 | Lair:3   | 11726 ||| INVOKING Heroism.
 11733 | Lair:3   | 11733 ||| Stepping ~*~*~tactically~*~*~ (retreating).
 11738 | Lair:3   | 11738 ||| RETREATING.
 11741 | Lair:3   | 11741 ||| Stepping ~*~*~tactically~*~*~ (retreating).
 12051 | Lair:3   | 12051 ||| UPGRADING to +0 robe "Damnable Contraption" {rF+
                  | rC+ Dex+2}.
 12061 | Lair:3   | 12061 ||| UPGRADING to amulet of reflection.
 12071 | Lair:3   | 12071 ||| DROPPING amulet of the acrobat.
 12275 | Lair:4   | Reached skill level 12 in Fighting
 12345 | Lair:4   | 12345 ||| INVOKING Heroism.
 12360 | Lair:4   | 12360 ||| RETREATING.
 12366 | Lair:4   | 12366 ||| Stepping ~*~*~tactically~*~*~ (retreating).
 12368 | Lair:4   | 12368 ||| Stepping ~*~*~tactically~*~*~ (retreating).
 12369 | Lair:4   | 12369 ||| Stepping ~*~*~tactically~*~*~ (retreating).
 12383 | Lair:4   | Received a gift from Okawaru
 12407 | Lair:4   | 12407 ||| Stepping ~*~*~tactically~*~*~ (cloud).
 12531 | Lair:4   | Found a staircase to the Slime Pits.
 12588 | Lair:4   | 12588 ||| RETREATING.
 12743 | Lair:4   | 12743 ||| RETREATING.
 12745 | Lair:4   | 12745 ||| Stepping ~*~*~tactically~*~*~ (retreating).
 13041 | Lair:4   | 13041 ||| UPGRADING to +0 pair of boots.
 13046 | Lair:4   | 13046 ||| UPGRADING to +2 pair of gloves.
 13056 | Lair:4   | 13056 ||| DROPPING +1 pair of gloves of hurling.
 13065 | Lair:5   | Entered Level 5 of the Lair of Beasts
 13066 | Lair:5   | 13066 ||| INVOKING Heroism.
 13067 | Lair:5   | 13067 ||| PLANNING D:1-11
 13069 | Lair:5   | Identified the +3 robe "Mynute" {Dex+4} (Okawaru gifted it
                  | to you on level 5 of the Lair of Beasts)
 13069 | Lair:5   | Received a gift from Okawaru
 13448 | D:10     | 13448 ||| PLANNING LAIR
 13710 | Lair:5   | 13710 ||| RETREATING.
 13761 | Lair:5   | 13761 ||| RETREATING.
 13762 | Lair:5   | 13762 ||| RETREATING.
 13772 | Lair:5   | 13772 ||| Stepping ~*~*~tactically~*~*~ (retreating).
 13773 | Lair:5   | 13773 ||| Stepping ~*~*~tactically~*~*~ (retreating).
 13774 | Lair:5   | 13774 ||| Stepping ~*~*~tactically~*~*~ (retreating).
 13775 | Lair:5   | 13775 ||| Stepping ~*~*~tactically~*~*~ (retreating).
 13776 | Lair:5   | 13776 ||| Stepping ~*~*~tactically~*~*~ (retreating).
 13777 | Lair:5   | 13777 ||| Stepping ~*~*~tactically~*~*~ (retreating).
 13813 | Lair:5   | 13813 ||| RETREATING.
 13861 | Lair:5   | 13861 ||| INVOKING Heroism.
 13916 | Lair:5   | Gained mutation: Your large and strong wings let you fly.
                  | [Gargoyle growth]
 13916 | Lair:5   | Reached XP level 14. HP: 94/94 MP: 21/21
 14057 | Lair:5   | 14057 ||| INVOKING Heroism.
 14058 | Lair:5   | 14058 ||| INVOKING Finesse.
 14073 | Lair:5   | Reached skill level 6 in Armour
 14198 | Lair:5   | 14198 ||| READING scroll of enchant armour.
 14198 | Lair:5   | 14198 ||| ENCHANTING +0 helmet.
 14234 | Lair:5   | 14234 ||| Stepping ~*~*~tactically~*~*~ (retreating).
 14235 | Lair:5   | 14235 ||| Stepping ~*~*~tactically~*~*~ (retreating).
 14236 | Lair:5   | 14236 ||| Stepping ~*~*~tactically~*~*~ (retreating).
 14237 | Lair:5   | 14237 ||| Stepping ~*~*~tactically~*~*~ (retreating).
 14238 | Lair:5   | 14238 ||| Stepping ~*~*~tactically~*~*~ (retreating).
 14248 | Lair:5   | 14248 ||| Stepping ~*~*~tactically~*~*~ (retreating).
 14260 | Lair:5   | 14260 ||| INVOKING Heroism.
 14335 | Lair:5   | 14335 ||| INVOKING Heroism.
 14336 | Lair:5   | 14336 ||| INVOKING Finesse.
 14472 | Lair:5   | 14472 ||| Stepping ~*~*~tactically~*~*~ (retreating).
 14473 | Lair:5   | 14473 ||| Stepping ~*~*~tactically~*~*~ (retreating).
 14484 | Lair:5   | 14484 ||| Stepping ~*~*~tactically~*~*~ (retreating).
 14485 | Lair:5   | 14485 ||| RETREATING.
 14488 | Lair:5   | 14488 ||| Stepping ~*~*~tactically~*~*~ (retreating).
 14489 | Lair:5   | 14489 ||| Stepping ~*~*~tactically~*~*~ (retreating).
 14490 | Lair:5   | 14490 ||| Stepping ~*~*~tactically~*~*~ (retreating).
 14491 | Lair:5   | 14491 ||| INVOKING Heroism.
 14494 | Lair:5   | 14494 ||| Stepping ~*~*~tactically~*~*~ (retreating).
 14622 | Lair:5   | 14622 ||| INVOKING Heroism.
 14662 | Lair:5   | 14662 ||| INVOKING Heroism.
 15014 | Lair:5   | 15014 ||| INVOKING Heroism.
 15075 | Lair:5   | Reached skill level 9 in Dodging
 15088 | Lair:5   | 15088 ||| UPGRADING to +3 robe "Mynute" {Dex+4}.
 15101 | Lair:5   | 15101 ||| DROPPING +0 troll leather armour.
 15108 | Lair:5   | 15108 ||| PLANNING D:1-11
 15108 | Lair:5   | 15108 ||| DROPPING ring of ice.
 15109 | Lair:5   | 15109 ||| READING scroll labelled ALIEXE LIDAADUCW.
 15110 | Lair:5   | 15110 ||| READING 9 scrolls of identify.
 15110 | Lair:5   | 15110 ||| IDENTIFYING smoky amethyst potion
 15343 | D:11     | Found a frozen archway.
 15905 | D:11     | 15905 ||| INVOKING Heroism.
 15906 | D:11     | 15906 ||| INVOKING Finesse.
 16022 | D:11     | 16022 ||| PLANNING D
 16022 | D:11     | 16022 ||| READING 9 scrolls of identify.
 16022 | D:11     | 16022 ||| IDENTIFYING fizzy grey potion
 16044 | D:12     | 16044 ||| PLANNING GAUNTLET
 16250 | D:12     | 16250 ||| Stepping ~*~*~tactically~*~*~ (outnumbered).
 16252 | D:12     | 16252 ||| Stepping ~*~*~tactically~*~*~ (outnumbered).
 16254 | D:12     | 16254 ||| Stepping ~*~*~tactically~*~*~ (outnumbered).
 16256 | D:12     | 16256 ||| Stepping ~*~*~tactically~*~*~ (outnumbered).
 16262 | D:12     | 16262 ||| Stepping ~*~*~tactically~*~*~ (outnumbered).
 16264 | D:12     | 16264 ||| Stepping ~*~*~tactically~*~*~ (outnumbered).
 16334 | D:12     | Found a gate leading to a gauntlet.
 16342 | Gauntlet | Entered a Gauntlet
 16342 | Gauntlet | Found a transporter.
 16342 | Gauntlet | Found a transporter.
 16346 | Gauntlet | Found a transporter.
 16346 | Gauntlet | Found a transporter.
 16358 | Gauntlet | Found a transporter.
 16364 | Gauntlet | Found a transporter.
 16366 | Gauntlet | Found a transporter.
 16366 | Gauntlet | Found a transporter.
 16371 | Gauntlet | Found a transporter.
 16372 | Gauntlet | Found a large runed translucent door.
 16373 | Gauntlet | Found a large runed translucent door.
 16412 | Gauntlet | Found a transporter.
 16434 | Gauntlet | Found a transporter.
 16448 | Gauntlet | Found a transporter.
 16493 | Gauntlet | Found a transporter.
 16507 | Gauntlet | Found a transporter.
 16609 | Gauntlet | Found a transporter.
 16611 | Gauntlet | Found a large runed translucent door.
 16611 | Gauntlet | Found a large runed translucent door.
 16612 | Gauntlet | Found a large runed translucent door.
 16612 | Gauntlet | Found a large runed translucent door.
 16613 | Gauntlet | Found a large runed translucent door.
 16613 | Gauntlet | Found a runed translucent door.
 16613 | Gauntlet | Found a large runed translucent door.
 16613 | Gauntlet | Found a runed translucent door.
 16613 | Gauntlet | Found a large runed translucent door.
 16613 | Gauntlet | Found a large runed translucent door.
 16616 | Gauntlet | Found a large runed translucent door.
 16616 | Gauntlet | Found a large runed translucent door.
 16617 | Gauntlet | Found a large runed translucent door.
 16617 | Gauntlet | Found a large runed translucent door.
 16619 | Gauntlet | Found a large runed translucent door.
 16619 | Gauntlet | Found a large runed translucent door.
 16621 | Gauntlet | Found a runed translucent gate.
 16621 | Gauntlet | Found a runed translucent gate.
 16621 | Gauntlet | Found a runed translucent gate.
 16623 | Gauntlet | Found a transporter.
 16716 | Gauntlet | Reached skill level 15 in Fighting
 16718 | Gauntlet | 16718 ||| Stepping ~*~*~tactically~*~*~ (cloud).
 16897 | Gauntlet | 16897 ||| Stepping ~*~*~tactically~*~*~ (retreating).
 16898 | Gauntlet | 16898 ||| Stepping ~*~*~tactically~*~*~ (retreating).
 16907 | Gauntlet | 16907 ||| Stepping ~*~*~tactically~*~*~ (retreating).
 16908 | Gauntlet | 16908 ||| Stepping ~*~*~tactically~*~*~ (retreating).
 16912 | Gauntlet | 16912 ||| Stepping ~*~*~tactically~*~*~ (retreating).
 16913 | Gauntlet | 16913 ||| Stepping ~*~*~tactically~*~*~ (retreating).
 16920 | Gauntlet | 16920 ||| Stepping ~*~*~tactically~*~*~ (retreating).
 16921 | Gauntlet | 16921 ||| Stepping ~*~*~tactically~*~*~ (retreating).
 16979 | Gauntlet | Identified the +0 cloak of Charity {rPois Str+3 Dex+4}
 16981 | Gauntlet | 16981 ||| UPGRADING to +0 cloak of Charity {rPois Str+3
                  | Dex+4}.
 16991 | Gauntlet | 16991 ||| DROPPING +0 cloak.
 17038 | Gauntlet | 17038 ||| INVOKING Heroism.
 17039 | Gauntlet | 17039 ||| INVOKING Finesse.
 17092 | Gauntlet | Identified the +0 robe "Tamedeso" {rPois rN+++ Will- Int+2}
 17133 | Gauntlet | 17133 ||| DROPPING +0 pair of boots of stealth.
 17134 | Gauntlet | 17134 ||| DROPPING +1 robe of willpower.
 17135 | Gauntlet | 17135 ||| DROPPING +0 robe "Tamedeso" {rPois rN+++ Will-
                  | Int+2}.
 17136 | Gauntlet | 17136 ||| DROPPING amulet of magic regeneration.
 17137 | Gauntlet | 17137 ||| DROPPING ring of willpower.
 17138 | Gauntlet | 17138 ||| DROPPING ring of resist corrosion.
 17139 | Gauntlet | 17139 ||| DROPPING ring of protection from cold.
 17155 | D:12     | 17155 ||| PLANNING D
 17570 | D:13     | Received a gift from Okawaru
 17635 | D:13     | Noticed Nessos
 17636 | D:13     | 17636 ||| INVOKING Finesse.
 17645 | D:13     | Killed Nessos
 17697 | D:13     | 17697 ||| SWAPPING to +3 longbow of flaming.
 17698 | D:13     | 17698 ||| DROPPING +3 orcbow of draining.
 17804 | D:13     | 17804 ||| RETREATING.
 17806 | D:13     | 17806 ||| Stepping ~*~*~tactically~*~*~ (retreating).
 17817 | D:13     | 17817 ||| READING 6 scrolls of teleportation.
 17818 | D:13     | 17818 ||| INVOKING Heroism.
 17820 | D:13     | Mangled by an enormous slime creature

Levels and vault maps discovered:
D:1:      matt_arrival_grand_opening, layout_basic
D:2:      layout_basic, serial_shops, nicolae_shop_scrapyard
D:3:      layout_basic, hellmonk_ecumenical_altar_pennies_from_heaven,
          minmay_goblin_outpost
D:4:      gammafunk_wand_slinger, layout_basic, cheibriados_altar_1, uniq_robin
D:5:      layout_basic, mainiacjoe_overflow_paths, mainiacjoe_overflow_alcove_4,
          tgw_sif, temple_hall
D:6:      layout_loops_corners, led_xom_imps, minmay_misc_feat_ornament,
          minmay_unpleasant_kobolds, uniq_maggie, uniq_menkaure
D:7:      layout_basic, tgw_fedhas
D:8:      layout_loops_ring
D:9:      layout_basic, nicolae_ru_the_path_less_chosen, lemuel_crystal_altar,
          orc_0_dummy, serial_shops, shop, minmay_three_doors
D:10:     layout_loops_ring, general_overflow_altar, dpeg_lair_monsters,
          kennysheep_another_room
D:11:     layout_cave_pods, portal_ice_cave_demonic_guard,
          mrwooster_statue_mirror, minmay_tree_intersection
D:12:     layout_small_grid, gauntlet_entry_generic
D:13:     lemuel_flame_loot_2, layout_stronghold,
          chequers_serial_rivers_micro_d, trog_butcher_becter, uniq_kirke,
          uniq_nessos
Temple:   hellmonk_temple_forest_ring
Lair:1:   layout_cave_pods
Lair:2:   layout_regular_city, shoals_dummy_entry, grunt_megastairs_1,
          infiniplex_staircase_pool_2, uniq_fannar
Lair:3:   layout_misc_corridors, dummy_spider_entry
Lair:4:   layout_regular_city, slime_entry_1, beast_lair_carwin_7
Lair:5:   minmay_lair_end_enchanted_forest, layout_layer_cave, st_stairs_4,
          serial_bayou_lagoon_b, lemuel_fruit_tree

Skill      XL: |  1  2  3  4  5  6  7  8  9 10 11 12 13 14 |
---------------+-------------------------------------------+-----
Armour         | 1 2 3 4 5 6 |  6.0
Ranged Weapons | 5 6 7 8 10 11 13 14 16 | 16.1
Fighting       | 3 4 5 6 7 9 10 13 15 | 15.0
Dodging        | 2 3 4 5 7 9 |  9.9
Invocations    | 4 6 10 | 10.0
Stealth        | |  1.1

Action                     |  1- 3 |  4- 6 |  7- 9 | 10-12 | 13-15 || total
---------------------------+-------+-------+-------+-------+-------++-------
   Fire: Shortbow          |    94 |   149 |   255 |   198 |       ||   696
         Orcbow            |       |       |       |   471 |   986 ||  1457
         Longbow           |       |       |       |       |    18 ||    18
 Invoke: Heroism           |       |       |     7 |    22 |    15 ||    44
         Finesse           |       |       |       |       |     5 ||     5
    Use: Scroll            |     3 |     9 |    10 |     5 |    11 ||    38
         Potion            |       |     2 |     1 |       |       ||     3
 Armour: Leather armour    |    13 |     6 |    64 |       |       ||    83
         Ring mail         |    22 |    61 |       |       |       ||    83
         Steam dragon scal |       |       |    44 |       |       ||    44
         Acid dragon scale |       |       |    10 |    50 |       ||    60
         Troll leather arm |       |       |       |   204 |    54 ||   258
         Robe              |       |       |       |       |   162 ||   162
         Skin              |       |       |       |       |     1 ||     1
  Dodge: Dodged            |    39 |    39 |   105 |   236 |   300 ||   719
  Block: Other             |       |       |       |       |    68 ||    68
         Reflection        |       |       |       |       |     1 ||     1

Table legend:
 A = Non-vault XP
 B = Vault XP
 C = Vault XP percentage of total XP
 D = Non-vault monster count
 E = Vault monster count
 F = Vault count percentage of total count
                 A         B        C        D         E       F
            +---------+---------+-------+---------+---------+-------
      Total |   55863 |   26925 |  32.5 |     364 |     115 |  24.0
            +---------+---------+-------+---------+---------+-------
        D:1 |      28 |       0 |   0.0 |      16 |       0 |   0.0
        D:2 |     132 |       0 |   0.0 |      25 |       0 |   0.0
        D:3 |      13 |       8 |  38.1 |       7 |       4 |  36.4
        D:4 |     109 |      36 |  24.8 |      21 |      12 |  36.4
        D:5 |     687 |      35 |   4.8 |      13 |       1 |   7.1
        D:6 |     939 |     790 |  45.7 |      24 |      10 |  29.4
        D:7 |    1213 |     542 |  30.9 |      22 |       1 |   4.3
        D:8 |    2083 |       0 |   0.0 |      26 |       0 |   0.0
        D:9 |    3844 |    1232 |  24.3 |      25 |       3 |  10.7
       D:10 |    2686 |    4240 |  61.2 |      20 |       6 |  23.1
       D:11 |    3229 |     640 |  16.5 |       7 |       2 |  22.2
       D:12 |    3977 |       0 |   0.0 |      16 |       0 |   0.0
       D:13 |    1307 |    1051 |  44.6 |       4 |       1 |  20.0
     Lair:1 |    5733 |       0 |   0.0 |      21 |       0 |   0.0
     Lair:2 |    9749 |    1840 |  15.9 |      31 |       3 |   8.8
     Lair:3 |    4397 |       0 |   0.0 |      21 |       0 |   0.0
     Lair:4 |    6079 |    3039 |  33.3 |      29 |       7 |  19.4
     Lair:5 |    9658 |    9212 |  48.8 |      36 |      48 |  57.1
   Gauntlet |       0 |    4260 | 100.0 |       0 |      17 | 100.0
            +---------+---------+-------+---------+---------+-------
